 Dungeon Crawl Stone Soup version 0.31-a0-222-gefeffbb62a (webtiles) character file.

Game seed: 4106359992923328515

54132 reriks the Spear-Bearer (level 14, -29/140 HPs)
             Began as an Ogre Fire Elementalist on July 5, 2023.
             Was a High Priest of Okawaru.
             Annihilated by a bog body (33 damage)
             ... on level 1 of the Swamp.
             The game lasted 01:28:52 (39264 turns).

reriks the Spear-Bearer (Ogre Fire Elementalist)   Turns: 39264, Time: 01:28:53

Health: -29/140    AC: 12    Str: 21    XL:     14   Next: 71%
Magic:  29/29      EV: 12    Int: 20    God:    Okawaru [*****.]
Gold:   846        SH:  0    Dex: 12    Spells: 8/35 levels left

rFire   + + .        Q - staff of poison
rCold   x . .        m - orb {light}
rNeg    . . .        Y - +5 steam dragon scales
rPois   +            (helmet restricted)
rElec   +            g - +0 cloak
rCorr   +            (gloves unavailable)
SInv    .            (boots unavailable)
Will    +....        J - amulet of magic regeneration
Stlth   +            U - ring of Xitowk Xaut {Drain rPois rF+ rCorr Str+3}
HPRegen 0.43/turn    o - ring of Jaexiec {Fire rElec Str+3 Dex+3}
MPRegen 0.61/turn

%: no passive effects
@: glowing, studying Polearms
A: large, unfitting armour, tough skin 1, wild magic 1
a: Renounce Religion, Heroism, Finesse, Duel


You were on level 1 of the Swamp.
You worshipped Okawaru.
Okawaru was extremely pleased with you.
You visited 5 branches of the dungeon, and saw 22 of its levels.
You also visited: Ossuary.

You collected 2710 gold pieces.
You spent 1864 gold pieces at shops.

Inventory:

Hand Weapons
 y - a +2 heavy glaive
 E - a +5 trident
 K - a +2 spear of venom
 P - a +3 bardiche of venom
 X - a +1 halberd of flaming
Missiles
 n - 5 javelins
 S - 14 large rocks (quivered)
Armour
 a - a +1 robe of cold resistance
 g - a +0 cloak (worn)
 m - an orb of light (worn)
 F - the +1 robe of Midnight {Str+3}
   (Okawaru gifted it to you on level 1 of the Orcish Mines)

   Str:       It affects your strength (+3).
 L - the +1 robe of the Mind {Regen+}
   (You found it on level 8 of the Dungeon)

   Regen:     It increases your rate of health regeneration.
 Y - +5 steam dragon scales (worn)
Magical Staves
 Q - a staff of poison (weapon)
Jewellery
 o - the ring of Jaexiec (right hand) {Fire rElec Str+3 Dex+3}
   (You acquired it in an ossuary)

   [ring of fire]

   It enhances your fire magic.
   Str:       It affects your strength (+3).
   Dex:       It affects your dexterity (+3).
   rF:        It protects you from fire.
   rC:        It makes you vulnerable to cold.
   rElec:     It insulates you from electricity.
 q - a ring of flight
 r - an amulet of the acrobat
 t - an amulet of reflection
 u - a ring of protection from fire
 w - a ring of protection from fire
 B - an amulet of regeneration
 J - an amulet of magic regeneration (around neck)
 U - the ring of Xitowk Xaut (left hand) {Drain rPois rF+ rCorr Str+3}
   (You found it on level 11 of the Dungeon)

   [ring of poison resistance]

   Str:       It affects your strength (+3).
   rF:        It protects you from fire.
   rPois:     It protects you from poison.
   rCorr:     It protects you from acid and corrosion.
   Drain:     It drains your maximum health when unequipped.
 V - a ring of ice
 W - a ring of positive energy
 Z - an amulet of guardian spirit
Wands
 v - a wand of flame (16)
 x - a wand of iceblast (25)
 A - a wand of paralysis (33)
 O - a wand of polymorph (7)
Scrolls
 c - 3 scrolls of amnesia
 d - a scroll of enchant weapon
 e - 3 scrolls of immolation
 h - a scroll of teleportation
 j - 2 scrolls of poison
 k - 2 scrolls of identify
 l - a scroll of fear
 p - a scroll of enchant armour
 M - 2 scrolls of fog
 N - 3 scrolls of revelation
Potions
 b - a potion of magic
 f - a potion of invisibility
 i - 3 potions of lignification
 s - 3 potions of degeneration
 z - a potion of attraction
 C - 5 potions of brilliance
 D - 5 potions of curing
 G - 2 potions of resistance
 H - 3 potions of might
 I - 5 potions of ambrosia
 T - 3 potions of cancellation


   Skills:
 - Level 9.0 Fighting
 + Level 12.9 Polearms
 + Level 4.7 Throwing
 - Level 6.6 Dodging
 - Level 5.8 Stealth
 + Level 11.4 Spellcasting
 + Level 9.3 Conjurations
 - Level 3.2 Translocations
 + Level 9.8 Fire Magic
 + Level 8.7 Poison Magic


You had 8 spell levels left.
You knew the following spells:

 Your Spells              Type           Power      Damage    Failure   Level
a - Foxfire               Conj/Fire      100%       2x1d9     1%          1
b - Scorch                Fire           100%       2d9       1%          2
c - Inner Flame           Hex/Fire       57%        N/A       4%          3
d - Blink                 Tloc           62%        N/A       4%          2
e - Iskenderun's Mystic   Conj/Tloc      47%        2d10      7%          4
f - Ignite Poison         Fire/Tmut/Pois 82%        N/A       2%          3
g - Olgreb's Toxic Radia  Pois           74%        N/A       3%          4
h - Sticky Flame          Conj/Fire      78%        2d9       2%          4
i - Flame Wave            Conj/Fire      78%        2d17      2%          4

Your spell library contained the following spells:

 Spells                   Type           Power      Damage    Failure   Level
 Momentum Strike          Conj/Tloc      94%        3d10      1%          2
 Sting                    Tmut/Pois      100%       1d8       2%          1
 Volatile Blastmotes      Fire/Tloc      100%       2d18      2%          3
 Poisonous Vapours        Pois/Air       100%       N/A       3%          2
 Cigotuvi's Dreadful Rot  Necr/Pois/Air  90%        N/A       4%          2
 Lesser Beckoning         Tloc           62%        N/A       4%          2
 Dazzling Flash           Conj/Hex       78%        N/A       4%          3
 Iskenderun's Battlesphe  Conj           59%        2d11      6%          5
 Manifold Assault         Tloc           31%        N/A       22%         4
 Starburst                Conj/Fire      39%        6d11      24%         6
 Freezing Cloud           Conj/Ice/Air   15%        6-21      50%         5
 Anguish                  Hex/Necr       7%         N/A       61%         4
 Orb of Destruction       Conj           29%        9d9       78%         7
 Leda's Unmaking          Conj/Erth      19%        9d4       86%         6
 Yara's Violent Unravell  Hex/Tmut       7%         3d5       90%         5
 Enfeeble                 Hex            7%         N/A       100%        7
 Ozocubu's Refrigeration  Ice            7%         4d9       100%        7
 Storm Form               Tmut/Air       7%         N/A       100%        7
 Ignition                 Fire           39%        3d12      100%        8
 Polar Vortex             Ice            7%         N/A       100%        9
 Death Channel            Necr           Unusable   N/A       N/A         6
 Simulacrum               Ice/Necr       Unusable   N/A       N/A         6
 Spellforged Servitor     Conj/Summ      Unusable   N/A       N/A         7

Dungeon Overview and Level Annotations

Branches:
Dungeon (13/15)            Temple (1/1) D:5            Lair (5/5) D:10
  Swamp (1/4) Lair:2        Snake (0/4) Lair:2        Slime (0/5) Lair:4
    Orc (2/2) D:11            Elf (0/3) Orc:2       Ossuary (visited)
 Vaults: D:13-14

Altars:
Cheibriados
Dithmenos
Elyvilon
Gozag
Hepliaklqana
Makhleb
Nemelex Xobeh
Okawaru
Qazlal
Ru
Sif Muna
Trog
Uskayaw
Vehumet
Wu Jian
Xom
Yredelemnul
Zin
The Shining One

Shops:
D:7 :   Orc:2 **:(

Portals:
Pandemonium: Orc:2

Annotations:
Lair:2 2 runed translucent doors, Xenemn's ghost, journeyman TrFi
Lair:4 1 runed translucent door, Midn8's ghost, journeyman OpRe
Lair:5 2 exclusions


Innate Abilities, Weirdness & Mutations

You are too large for most types of armour.
You have tough skin. (AC +1)
Your spells are a little harder to cast, but a little more powerful.


Message History

The harpoon shot hits you!
You are yanked forward by the harpoon shot.
Splash!
You fall into the shallow water.
The bog body touches you. The bog body freezes you!!
You feel a terrible chill!
You hit the swamp worm but do no damage.
The swamp worm bites you.
The goliath frog hits you but does no damage.
The bog body casts a spell at you.
You easily resist.
The swamp worm fires a harpoon shot at you.
The harpoon shot misses you. The goliath frog hits you!
You are splashed with acid.
You resist. The bog body misses you.
The swamp worm fires a harpoon shot at you.
The harpoon shot hits you!
You are yanked forward by the harpoon shot.
Splash!
You fall into the shallow water.
The goliath frog hits you but does no damage.
The swamp worm attacks as you move away!
The swamp worm bites you but does no damage.
The bog body touches you but does no damage.
The goliath frog hits you!
You are splashed with acid.
You resist. The goliath frog barely misses you.
The bog body gestures at you while chanting.
The bolt of cold hits you!!!
You feel a terrible chill!
* * * LOW HITPOINT WARNING * * *
The swamp worm fires a harpoon shot at you.
The harpoon shot misses you.
There is a staircase back to the Lair here.
Okay, then.
You feel better. The goliath frog closely misses you.
The swamp worm fires a harpoon shot at you.
The harpoon shot misses you. The bog body closely misses you.
The goliath frog hits you but does no damage.
The bog body touches you!
* * * LOW HITPOINT WARNING * * *
The bog body freezes you!!
You feel a terrible chill!
You die...

♣..."~~~~..
~.........
~..~§....~
♣.~~~..~.~
♣.....~...
♣♣..~.~~~..
♣~.~~~~~~~~
♣@w~~~~~~~~
♣Fn~.....~.
♣~.~.....~~~
♣.~~~..~.~~~
♣.~~~....~~~
♣~~~...~~~~.
♣~..~~~~~~~.
♣♣~..~§~~~~.


You could see a goliath frog, a bog body and a swamp worm.

Vanquished Creatures
  An orc warlord (Orc:1)
  An ettin (Orc:1)
  Erolcha (D:9)
  A demonspawn (Orc:2)
  2 two-headed ogres
  5 orc high priests (Orc:2)
  A sun demon (Orc:2)
  A skyshark (Lair:5)
  Pikel (D:9)
  A deep elf pyromancer (D:11)
  4 orc knights (Orc:2)
  10 orc sorcerers (Orc:2)
  A will-o-the-wisp (Lair:2)
  An ugly thing (D:12)
  2 manticores (D:13)
  A rust devil (Orc:2)
  3 cyclopes
  A gargoyle (D:11)
  3 centaur zombies (D:10)
  8 elephants
  4 black mambas
  2 centaur skeletons (D:10)
  Maurice (Orc:1)
  11 cane toads
  Maggie (Lair:2)
  4 kobold demonologists
  3 komodo dragons
  2 red devils (Orc:2)
  A queen bee (Orc:1)
  2 polar bears
  5 trolls
  6 blink frogs (Lair:5)
  12 dream sheep (Lair:5)
  2 hellwings
  2 shadows
  2 wraiths
  A vampire (D:12)
  4 wyverns
  36 yaks
  2 basilisks
  A steam dragon (D:9)
  5 vampire mosquitoes
  3 nagas (Lair:2)
  An acid dragon (D:9)
  7 water moccasins
  Duvessa (D:6)
  An ice beast (D:7)
  30 orc warriors
  3 black bears
  3 sky beasts
  7 ogres
  5 wolves (Lair:2)
  5 centaurs
  3 lemures
  2 phantoms
  6 kobold brigands
  A small abomination (Lair:5)
  13 bullfrogs
  17 scorpions
  3 gnoll sergeants
  5 wights (D:6)
  Dowan (D:6)
  28 killer bees
  3 howler monkeys
  3 hounds
  A human zombie (Ossuary)
  3 jellies (Lair:4)
  15 orc priests
  A gnoll bouda (Lair:3)
  A sleepcap (D:5)
  5 iguanas
  Natasha (thrice) (D:4)
  14 orc wizards
  7 scorpion zombies (Ossuary)
  2 hell rats (Lair:2)
  3 mummies (Ossuary)
  17 gnolls
  8 adders
  8 river rats (Lair:2)
  A shadow imp (D:6)
  3 ufetubi
  A worm (D:2)
  4 dart slugs
  71 orcs
  4 ball pythons
  11 endoplasms
  6 giant cockroaches
  7 goblins
  4 hobgoblins
  3 jackals (D:4)
  6 quokkas
  5 bats
  5 frilled lizards
  3 gnoll zombies (Ossuary)
  A goblin zombie (Ossuary)
  2 hobgoblin zombies (Ossuary)
  12 kobolds
  A kobold zombie (Ossuary)
  4 rats
551 creatures vanquished.

Vanquished Creatures (collateral kills)
  11 foxfires
11 creatures vanquished.

Vanquished Creatures (others)
  An orc (Orc:2)
  1941 foxfires
1942 creatures vanquished.

Grand Total: 2504 creatures vanquished

Notes
Turn   | Place    | Note
-------+----------+-------------------------------------------
     0 | D:1      | reriks the Ogre Fire Elementalist began the quest for the
                  | Orb.
     0 | D:1      | Reached XP level 1. HP: 16/16 MP: 3/3
   384 | D:1      | Reached skill level 1 in Conjurations
   430 | D:1      | Reached XP level 2. HP: 26/26 MP: 3/5
   677 | D:1      | Reached skill level 1 in Fighting
  1166 | D:1      | Reached XP level 3. HP: 31/33 MP: 1/7
  1694 | D:2      | Gained mutation: You have hidden genetic defects. [potion
                  | of mutation]
  1694 | D:2      | Gained mutation: Your spells are a little harder to cast,
                  | but a little more powerful. [potion of mutation]
  2070 | D:2      | Reached XP level 4. HP: 38/41 MP: 3/8
  2085 | D:2      | Gained mutation: You are vulnerable to cold. (rC-) [hidden
                  | defects]
  2250 | D:2      | Gained mutation: You are dopey. (Int -2) [hidden defects]
  2250 | D:2      | Lost mutation: You have hidden genetic defects. [hidden
                  | defects expressed]
  2346 | D:2      | Reached skill level 1 in Polearms
  2810 | D:2      | Noticed a scorpion
  2817 | D:2      | Killed a scorpion
  2818 | D:2      | Reached XP level 5. HP: 26/49 MP: 7/9
  2821 | D:2      | Learned a level 2 spell: Scorch
  2825 | D:2      | Learned a level 3 spell: Inner Flame
  3530 | D:3      | Reached skill level 2 in Polearms
  3838 | D:3      | Found a faded altar of an unknown god.
  3855 | D:3      | Reached XP level 6. HP: 38/59 MP: 3/11
  4298 | D:3      | Found a faded altar of an unknown god.
  4808 | D:3      | Identified the +2 scale mail "Juxan" {Rampage}
  5045 | D:4      | Noticed Natasha
  5050 | D:4      | Killed Natasha
  5492 | D:4      | Noticed Natasha
  5497 | D:4      | Killed Natasha
  5498 | D:4      | Reached skill level 3 in Polearms
  5498 | D:4      | Reached XP level 7. HP: 40/67 MP: 3/12
  5755 | D:4      | Noticed Natasha
  5759 | D:4      | Killed Natasha
  6275 | D:5      | Entered Level 5 of the Dungeon
  6975 | D:5      | Reached skill level 4 in Polearms
  7323 | D:5      | Reached XP level 8. HP: 55/78 MP: 7/14
  7882 | D:5      | Found a staircase to the Ecumenical Temple.
  7888 | Temple   | Entered the Ecumenical Temple
  7972 | Temple   | Became a worshipper of Warmaster Okawaru
  8138 | D:6      | Found a sand-covered staircase.
  8143 | Ossuary  | Entered an ossuary
  8613 | Ossuary  | Reached skill level 5 in Polearms
  8748 | Ossuary  | Reached skill level 5 in Fighting
  8775 | Ossuary  | Identified a scroll of acquirement
  8775 | Ossuary  | Acquired the ring of Jaexiec {Fire rElec Str+3 Dex+3}
  8941 | Ossuary  | Reached * piety under Okawaru
  8953 | Ossuary  | Reached skill level 5 in Spellcasting
  9460 | Ossuary  | Reached XP level 9. HP: 88/88 MP: 8/16
 10026 | D:6      | Reached skill level 6 in Polearms
 10371 | D:6      | Reached skill level 5 in Fire Magic
 10376 | D:6      | Reached ** piety under Okawaru
 10946 | D:6      | Noticed Duvessa
 10946 | D:6      | Noticed Dowan
 11220 | D:6      | Killed Duvessa
 11221 | D:6      | Killed Dowan
 11854 | D:7      | Reached XP level 10. HP: 72/100 MP: 12/19
 11952 | D:7      | Reached *** piety under Okawaru
 11953 | D:7      | Reached skill level 5 in Conjurations
 12122 | D:7      | Reached skill level 5 in Dodging
 12192 | D:7      | Found Irhy's Book Shop.
 13010 | D:8      | Identified the +1 robe of the Mind {Regen+}
 13382 | D:8      | Found a radiant altar of Vehumet.
 13640 | D:9      | Found a white marble altar of Elyvilon.
 13750 | D:9      | Found a basalt altar of Yredelemnul.
 13817 | D:9      | Noticed Erolcha
 13829 | D:9      | Killed Erolcha
 13829 | D:9      | Reached **** piety under Okawaru
 13830 | D:9      | Reached skill level 7 in Polearms
 14299 | D:9      | Found a shimmering blue altar of Sif Muna.
 14664 | D:9      | Noticed Pikel
 14839 | D:9      | Killed Pikel
 14839 | D:9      | Received a gift from Okawaru
 15443 | D:9      | Learned a level 2 spell: Blink
 15546 | D:10     | Entered Level 10 of the Dungeon
 15788 | D:10     | Found a staircase to the Lair.
 15941 | D:10     | Noticed a two-headed ogre
 15954 | D:10     | Killed a two-headed ogre
 15954 | D:10     | Reached ***** piety under Okawaru
 15955 | D:10     | Reached skill level 1 in Throwing
 15955 | D:10     | Reached skill level 5 in Stealth
 15955 | D:10     | Reached XP level 11. HP: 27/109 MP: 14/22
 16380 | D:10     | Reached skill level 1 in Translocations
 16737 | D:11     | Noticed a sixfirhy
 16978 | D:10     | Noticed a two-headed ogre
 17036 | D:9      | Learned a level 4 spell: Iskenderun's Mystic Blast
 17283 | D:10     | Found a glowing golden altar of the Shining One.
 17374 | D:10     | Reached skill level 8 in Polearms
 17709 | D:10     | Found the +4 Cigotuvi's embrace {Corpsefed rMiasma Drain
                  | rN+}
 17813 | D:10     | Received a gift from Okawaru
 17825 | D:10     | Noticed a soul eater
 19223 | D:11     | Found a staircase to the Orcish Mines.
 19262 | D:11     | Identified the ring of Xitowk Xaut {Drain rPois rF+ rCorr
                  | Str+3}
 19571 | Lair:1   | Entered Level 1 of the Lair of Beasts
 20112 | D:10     | Upgraded the game from 0.31-a0-221-gbddc013574 to
                  | 0.31-a0-222-gefeffbb62a
 20235 | Orc:1    | Entered Level 1 of the Orcish Mines
 20236 | Orc:1    | Noticed an ettin
 20631 | Orc:1    | Noticed Maurice
 20639 | Orc:1    | Killed Maurice
 20702 | Orc:1    | Noticed an ettin
 20714 | Orc:1    | Killed an ettin
 20715 | Orc:1    | Reached XP level 12. HP: 35/122 MP: 12/25
 20954 | Orc:2    | Entered Level 2 of the Orcish Mines
 21821 | Orc:2    | Reached skill level 9 in Polearms
 22946 | Orc:2    | HP: 3/105 [orc sorcerer/bolt of negative energy[an orc
                  | warlord] (31)]
 22948 | Orc:2    | Identified the +1 robe of Morality {-Tele rElec SInv}
                  | (Okawaru gifted it to you on level 2 of the Orcish Mines)
 22948 | Orc:2    | Received a gift from Okawaru
 23094 | Orc:2    | Noticed an orc warlord
 23886 | D:12     | Noticed a two-headed ogre
 23889 | D:12     | Killed a two-headed ogre
 25303 | D:13     | Noticed a boulder beetle
 26176 | D:7      | Bought an Everburning Encyclopedia for 468 gold pieces
 26180 | D:7      | Learned a level 3 spell: Ignite Poison
 26180 | D:7      | Bought a Young Poisoner's Handbook for 260 gold pieces
 26185 | D:7      | Learned a level 4 spell: Olgreb's Toxic Radiance
 26311 | Lair:1   | Reached skill level 1 in Poison Magic
 27411 | Lair:3   | Reached XP level 13. HP: 120/131 MP: 18/26
 27744 | Lair:1   | Reached skill level 5 in Poison Magic
 28638 | Lair:2   | Found a large runed translucent door.
 28639 | Lair:2   | Found a large runed translucent door.
 28642 | Lair:2   | Noticed Xenemn's ghost (journeyman TrFi)
 28767 | Lair:2   | Noticed Maggie
 28777 | Lair:2   | Killed Maggie
 28777 | Lair:2   | Received a gift from Okawaru
 29263 | Lair:2   | Reached skill level 10 in Polearms
 29432 | Lair:2   | Found a staircase to the Swamp.
 29671 | Lair:2   | Lost mutation: You are dopey. (Int -2) [potion of mutation]
 29671 | Lair:2   | Lost mutation: You are vulnerable to cold. (rC-) [potion of
                  | mutation]
 29671 | Lair:2   | Gained mutation: You have sharp toenails. [potion of
                  | mutation]
 29671 | Lair:2   | Lost mutation: You have sharp toenails. [potion of
                  | mutation]
 30276 | Lair:2   | Found a staircase to the Snake Pit.
 30924 | Lair:3   | Reached skill level 10 in Spellcasting
 32532 | Lair:4   | Found a runed translucent door.
 32532 | Lair:4   | Identified the +4 spear of Huvoh {heavy, rC+ Will+++ Int+2
                  | Dex-2}
 32534 | Lair:4   | Noticed Midn8's ghost (journeyman OpRe)
 32548 | Lair:4   | Reached skill level 11 in Polearms
 32680 | Lair:4   | Found a staircase to the Slime Pits.
 33014 | Lair:4   | Learned a level 4 spell: Sticky Flame
 33019 | Lair:4   | Learned a level 4 spell: Flame Wave
 33585 | Lair:5   | Entered Level 5 of the Lair of Beasts
 33623 | Lair:5   | Received a gift from Okawaru
 33846 | Lair:5   | Received a gift from Okawaru
 34126 | Lair:5   | Reached ****** piety under Okawaru
 34127 | Lair:5   | Reached XP level 14. HP: 140/140 MP: 16/28
 34291 | Lair:5   | Acquired 910 gold pieces
 35641 | Orc:1    | Killed an orc warlord
 35642 | Orc:1    | Reached skill level 12 in Polearms
 36235 | Orc:2    | Found Ezuisch's General Store.
 36238 | Orc:2    | Found Tycwye's General Store.
 36776 | Orc:2    | Found a staircase to the Elven Halls.
 36828 | Orc:2    | Received a gift from Okawaru
 37436 | Orc:2    | Received a gift from Okawaru
 37596 | Orc:2    | Received a gift from Okawaru
 38133 | Orc:2    | Found Osuppuaf's Antique Weapon Shop.
 38133 | Orc:2    | Found Ickefol's Book Boutique.
 38134 | Orc:2    | Found a one-way gate leading to the halls of Pandemonium.
 38269 | Orc:2    | Bought a book of Power for 546 gold pieces
 38269 | Orc:2    | Bought the Monograph on the Puissant Mausoleum for 520 gold
                  | pieces
 38405 | Orc:2    | Bought a scroll of teleportation for 42 gold pieces
 38405 | Orc:2    | Bought a scroll of identify for 28 gold pieces
 38494 | Orc:1    | Identified the +1 robe of Midnight {Str+3} (Okawaru gifted
                  | it to you on level 1 of the Orcish Mines)
 38494 | Orc:1    | Received a gift from Okawaru
 39256 | Swamp:1  | Entered Level 1 of the Swamp
 39264 | Swamp:1  | HP: 4/140 [bog body (14)]
 39264 | Swamp:1  | Annihilated by a bog body

Illustrated notes

Levels and vault maps discovered:
D:1:      mrwooster_arrival_statue_3, layout_rooms
D:2:      mumra_celtic_spiral_tile, layout_basic, grunt_decor_junction,
          minmay_statues_item, minmay_pentomino_p4
D:3:      layout_loops_corners, nicolae_overflow_ecumenical_swirl,
          shapermc_ecumenical_altar_ellora
D:4:      layout_loops_ring, nicolae_overflow_hidden_temple, uniq_natasha
D:5:      layout_basic, minmay_temple_entry_nine_rooms
D:6:      layout_loops_ring, enter_ossuary_2, uniq_duvessa
D:7:      layout_cave_pools, serial_shops, nicolae_shop_tiny_real_fake_doors,
          minmay_misc_feat_diagonals, st_stairs_1, lemuel_flamethrower_2
D:8:      layout_cave_pools, kennysheep_mini
D:9:      layout_irregular_city, lemuel_tele_altar, pf_just_have_faith,
          elyvilon_altar_4, uniq_erolcha, uniq_pikel
D:10:     layout_stronghold, nicolae_overflow_crystal_walls, lair_entry_dummy,
          hellmonk_guarded_unrand_cigotuvi
D:11:     layout_basic, orc_0_dummy, billiards_dpeg
D:12:     minmay_angry_zag, layout_layer_cave
D:13:     layout_rooms, grunt_potential
Temple:   zaba_magenta_temple
Lair:1:   layout_regular_city
Lair:2:   layout_long_grid, minmay_swamp_entry_wisps,
          nicolae_snake_entry_squirm, ebering_ghost_disaster_area,
          kennysheep_rathole, uniq_maggie
Lair:3:   layout_roguey, gauntlet_entry_generic, dreamdust_gnoll_shepherd,
          infiniplex_staircase_pool_2
Lair:4:   layout_regular_city, nicolae_slime_entry_slimehenge,
          ebering_ghost_funeral_grove
Lair:5:   hellmonk_lair_end_abyssal_woods, layout_concentric_octagons,
          uniq_snorg
Swamp:1:  gammafunk_sealed_arena, layout_basic_swamp, hangedman_swamp_ruin_hall,
          swamp_pool1, nicolae_swamp_thats_no_hydra
Orc:1:    layout_caves, special_room [special_room_bee], basic_altar,
          uniq_maurice
Orc:2:    pf_orc_diabolical, layout_diamond_mine

Skill      XL: |  1  2  3  4  5  6  7  8  9 10 11 12 13 14 |
---------------+-------------------------------------------+-----
Conjurations   | 1 2 3 4 6 7 8 9 |  9.3
Dodging        | 2 3 4 5 6 |  6.6
Fighting       | 1 2 3 4 5 6 7 8 9 |  9.0
Spellcasting   | 3 4 5 6 7 9 10 11 | 11.4
Fire Magic     | 3 4 5 6 7 8 9 |  9.8
Stealth        | 2 3 4 5 |  5.8
Polearms       | 1 2 3 4 5 6 7 8 9 11 12 | 12.9
Throwing       | 1 2 3 4 |  4.7
Translocations | 2 3 |  3.2
Poison Magic   | 4 7 8 |  8.7

Action                     |  1- 3 |  4- 6 |  7- 9 | 10-12 | 13-15 || total
---------------------------+-------+-------+-------+-------+-------++-------
  Melee: Morningstar       |       |    30 |    25 |       |       ||    55
         Trident           |       |       |     8 |    71 |     9 ||    88
         Staff             |       |       |       |       |     1 ||     1
  Throw: Large rock        |       |       |       |    12 |    25 ||    37
   Cast: Foxfire           |    76 |   106 |   182 |   614 |   178 ||  1156
         Scorch            |       |     3 |   108 |   169 |    79 ||   359
         Iskenderun's Myst |       |       |       |     7 |       ||     7
         Blink             |       |       |       |     2 |     5 ||     7
         Inner Flame       |       |       |       |     1 |       ||     1
         Ignite Poison     |       |       |       |       |   154 ||   154
         Olgreb's Toxic Ra |       |       |       |       |   118 ||   118
         Sticky Flame      |       |       |       |       |     4 ||     4
 Invoke: Heroism           |       |       |       |     5 |     5 ||    10
  Evoke: Wand              |       |       |       |     1 |       ||     1
    Use: Scroll            |     2 |       |    13 |    13 |    14 ||    42
         Potion            |     1 |       |     2 |     2 |     3 ||     8
 Armour: Robe              |     9 |    12 |    21 |   117 |    11 ||   170
         Steam dragon scal |       |       |       |       |    28 ||    28
         Skin              |       |       |       |       |     6 ||     6
  Dodge: Dodged            |    11 |    49 |    78 |   240 |    81 ||   459

Table legend: (Time is in decaauts)
 A = Elapsed time spent in this place.
 B = Non-inter-level travel time spent in this place.
 C = Inter-level travel time spent in this place.
 D = Time resting spent in this place.
 E = Time spent auto-exploring this place.
 F = Levels seen in this place.
 G = Mean time per level.
                   A        B        C        D        E       F      G
               +--------+--------+--------+--------+--------+-----+--------+
         Total |  39336 |  37451 |   1885 |  19976 |  11716 |  23 | 1710.3 |
       Dungeon |  21634 |  20262 |   1372 |   9655 |   7867 |  13 | 1664.2 |
        Temple |     88 |     85 |      3 |      0 |     49 |   1 |   88.0 |
          Lair |   9576 |   9311 |    265 |   5288 |   2728 |   5 | 1915.2 |
         Swamp |      7 |      7 |      0 |      0 |      0 |   1 |    7.0 |
  Orcish Mines |   6161 |   5918 |    243 |   3715 |    977 |   2 | 3080.5 |
       Ossuary |   1868 |   1868 |      0 |   1318 |     95 |   1 | 1868.0 |
               +--------+--------+--------+--------+--------+-----+--------+

Top non-repeatable levels by time:
   Orc:2: 4190 daAuts
    D:11: 2513 daAuts
  Lair:2: 2499 daAuts
    D:10: 2473 daAuts
     D:9: 2215 daAuts
  Lair:3: 2201 daAuts
  Lair:1: 1975 daAuts
   Orc:1: 1970 daAuts
     D:2: 1956 daAuts
 Ossuary: 1868 daAuts
  Lair:5: 1716 daAuts
     D:5: 1609 daAuts
     D:3: 1608 daAuts
     D:6: 1533 daAuts
     D:1: 1436 daAuts
